 Dungeon Crawl Stone Soup version 0.22.1-2-g9c5b331383 (webtiles) character file.

305277 Morrissey the Executioner (level 20, -12/193 HPs)
             Began as a Minotaur Berserker on Nov 17, 2018.
             Was the Champion of Trog.
             Mangled by a vault warden
             ... wielding a +0 halberd
              (20 damage)
             ... on level 4 of the Vaults.
             The game lasted 01:10:45 (43791 turns).

Morrissey the Executioner (Minotaur Berserker)     Turns: 43791, Time: 01:10:46

Health: -12/193    AC: 23    Str: 28    XL:     20   Next: 28%
Magic:  19/19      EV: 18    Int:  4    God:    Trog [******]
Gold:   3821       SH:  3    Dex: 16    Spells: 19/19 levels left

rFire    + . .     SeeInvis +   a - +5 battleaxe (flame)
rCold    + . .     Gourm    .   (shield currently unavailable)
rNeg     . . .     Faith    .   F - +4 plate armour {rF+}
rPois    .         Spirit   .   v - +0 hat
rElec    +         Reflect  +   g - scarf {repulsion}
rCorr    .         Harm     .   (no gloves)
MR       +....                  S - +2 pair of boots {run}
Stlth    ..........             h - +3 amulet of reflection
HPRegen  0.42/turn              k - ring "Papim" {rElec Str+3 SInv}
MPRegen  0.16/turn              o - ring of protection from cold

@: flayed, corroded, berserk cooldown, slowed, repel missiles, very slow
A: retaliatory headbutt, horns 2
}: 2/15 runes: decaying, serpentine
a: Berserk, Trog's Hand, Brothers in Arms, Renounce Religion


You were on level 4 of the Vaults.
You worshipped Trog.
Trog was exalted by your worship.
You were not hungry.

You visited 6 branches of the dungeon, and saw 35 of its levels.
You also visited: Ice Cave and Volcano.

You collected 4292 gold pieces.
You spent 471 gold pieces at shops.

Inventory:

Hand Weapons
 a - a +5 battleaxe of flaming (weapon)
 b - a +5 antimagic battleaxe
 q - a +2 antimagic executioner's axe
 w - a +2 executioner's axe of chopping
Armour
 d - a +2 cloak of poison resistance
 g - a scarf of repulsion (worn)
 v - a +0 hat (worn)
 F - a +4 plate armour of fire resistance (worn)
 S - a +2 pair of boots of running (worn)
Jewellery
 h - a +3 amulet of reflection (around neck)
 k - the ring "Papim" (left hand) {rElec Str+3 SInv}
   (You found it on level 15 of the Dungeon)

   [ring of see invisible]

   It affects your strength (+3).
   It insulates you from electricity.
   It lets you see invisible.
 o - a ring of protection from cold (right hand)
 r - an uncursed amulet of the acrobat
 C - a +4 ring of slaying
 I - an uncursed ring of resist corrosion
 J - a +2 ring of slaying
 N - an uncursed ring of flight
 U - the ring "Lumakemi" {rCorr Int+2}
   (You found it on level 15 of the Dungeon)

   [ring of resist corrosion]

   It affects your intelligence (+2).
 Y - the ring of Issioj {MP+9 Str+4 Int+2}
   (You found it on level 6 of the Lair of Beasts)

   [ring of magical power]

   It affects your strength (+4).
   It affects your intelligence (+2).
   It affects your magic capacity (+9).
 Z - the ring "Iqushrov" {rN+ MR+}
   (You found it on level 15 of the Dungeon)

   [ring of protection from magic]

   It protects you from negative energy.
   It affects your resistance to hostile enchantments.
Wands
 y - a wand of digging (12)
 B - a wand of enslavement (27)
 G - a wand of flame (34)
 M - a wand of polymorph (19)
 O - a wand of paralysis (26)
 X - a wand of iceblast (15)
Scrolls
 f - 14 scrolls of remove curse
 l - 5 scrolls of fog
 m - 7 scrolls of magic mapping
 x - 15 scrolls of teleportation
 z - 3 scrolls of holy word
 D - a scroll of silence
 H - 4 scrolls of blinking
 P - 8 scrolls of identify
 Q - 8 scrolls of fear
Potions
 e - 4 potions of haste
 i - 5 potions of heal wounds
 j - 3 potions of agility
 n - 4 potions of mutation
 p - 4 potions of might
 s - 4 potions of invisibility
 t - 16 potions of curing
 u - 5 potions of flight
 A - 3 potions of resistance
 K - a potion of cancellation
 R - a potion of ambrosia
 T - 2 potions of magic
 V - a potion of brilliance
Comestibles
 c - 49 rations
 E - 2 chunks of flesh


   Skills:
 - Level 20.2 Fighting
 * Level 25.2 Axes
 - Level 20.3 Armour
 - Level 15.4 Dodging


You had 19 spell levels left.
You didn't know any spells.
Your spell library was empty.

Dungeon Overview and Level Annotations

Branches:
Dungeon (15/15)            Temple (0/1) D:6            Lair (6/6) D:9
  Swamp (4/4) Lair:4        Snake (4/4) Lair:4        Slime (0/5) Lair:6
    Orc (2/2) D:10            Elf (0/3) Orc:2        Vaults (4/5) D:13
  Crypt (0/3) Vaults:3     Depths (0/5) D:15

Altars:
Cheibriados
Dithmenos
Fedhas
Gozag
Hepliaklqana
Makhleb
Nemelex Xobeh
Okawaru
Qazlal
Ru
Trog
Uskayaw
Wu Jian
Xom
Yredelemnul
Beogh

Shops:
D:15 [!   Orc:2 [*}[}   Snake:1 ?!   Snake:4 (   Vaults:2 =

Annotations:
Lair:1 exclusion: 2 oklob plants
Lair:5 exclusion: downstairs


Innate Abilities, Weirdness & Mutations

You reflexively headbutt those who attack you in melee.
You have a pair of horns on your head.


Message History

The deep elf archer hits you with an uncursed short sword of holy wrath!
* * * LOW HITPOINT WARNING * * *
Something unseen opens the door.
Your stone giant hits the flayed ghost!!!
The vault warden unwields an uncursed arbalest.
The vault warden wields an uncursed halberd.
The vault warden hits you with an uncursed halberd!!
* * * LOW HITPOINT WARNING * * *
The flayed ghost barely misses you.
There is an open gate, spattered with blood here.
You slash the flayed ghost! You burn the flayed ghost.
The flayed ghost is almost destroyed.
You slice the deep elf archer!! You burn the deep elf archer.
You slash the vault warden! You burn the vault warden.
Your stone giant misses the flayed ghost.
The deep elf archer casts a spell at you.
You easily resist.
Your stone giant misses the flayed ghost.
The vault warden hits you with an uncursed halberd!!
You die...

#.. #..+ #..#
#..####..####..+
#..............#
#..............+
####+########+##
#.(.).# ##.(.##
#...# #'@C#


#eWp# #...# ..(.. ##'#### .. ## You could see a vault warden, a flayed ghost, a
deep elf archer and a friendly stone giant (berserk).

Vanquished Creatures
  2 liches
  2 Ice Fiends (IceCv)
  The ghost of Lyttorgh the Devastator, an adept GrFE of Vehumet (Snake:2)
  2 thorn hunters
  A revenant (Vaults:3)
  2 ancient champions (Vaults:3)
  12 nagarajas
  3 frost giants
  2 fire giants (Vaults:3)
  Louise (Swamp:1)
  9 vault wardens
  6 ironheart preservers
  An orc warlord (Orc:2)
  4 very ugly things
  6 stone giants
  A deep elf demonologist (Vaults:2)
  Azrael (D:15)
  A red draconian (Volcano)
  2 fire dragons
  Fannar (Lair:2)
  3 yaktaur captains
  7 ogre magi
  11 vault guards
  21 hydras
  2 great orbs of eyes
  3 ice dragons
  16 naga warriors
  13 anacondas
  16 two-headed ogres
  16 alligators
  6 centaur warriors
  A deep troll shaman (D:15)
  16 naga sharpshooters
  2 tengu warriors (D:15)
  A vampire mage (Vaults:3)
  7 shock serpents
  A spriggan berserker (Swamp:4)
  An orc high priest (Orc:2)
  Sonja (Lair:3)
  A fire crab (shapeshifter) (Vaults:3)
  A fire crab (Lair:3)
  6 deep elf knights
  2 salamander mystics (Snake:2)
  3 sea snakes (Snake:4)
  3 unseen horrors
  5 shambling mangroves
  A spriggan druid (Swamp:2)
  A lindwurm (Lair:6)
  6 deep trolls
  A deep elf archer (Orc:2)
  Pikel (D:7)
  7 ironbrand convokers
  5 wizards
  12 swamp dragons
  7 naga ritualists
  10 orc knights
  3 necromancers
  A wolf spider zombie (D:15)
  7 mana vipers
  6 deep elf magi
  7 wolf spiders
  2 manticores (D:15)
  3 orc sorcerers
  5 cyclopes
  49 ugly things
  4 centaur zombies
  11 elephants
  12 salamanders
  4 guardian serpents
  6 vault sentinels
  A guardian serpent (shapeshifter) (Vaults:2)
  Psyche (D:8)
  28 black mambas
  2 ice statues (IceCv)
  3 molten gargoyles (Lair:6)
  10 naga magi
  3 gargoyles
  15 komodo dragons
  19 spiny frogs
  5 kobold demonologists
  3 rime drakes
  4 freezing wraiths
  26 yaktaurs
  14 ice devils (IceCv)
  A komodo dragon (shapeshifter) (D:15)
  3 tengu conjurers (D:15)
  A jumping spider (shapeshifter) (Vaults:2)
  3 meliai (D:14)
  Grinder (D:4)
  13 tyrant leeches
  Prince Ribbit (D:7)
  8 trolls
  5 bog bodies
  13 hornets
  11 blink frogs
  9 hippogriffs
  20 slime creatures
  A vampire (D:15)
  A spriggan (shapeshifter) (D:15)
  2 shadows
  16 yaks
  2 wraiths
  A yak (shapeshifter) (Vaults:3)
  4 spriggans
  7 basilisks
  Eustachio (D:4)
  A human (shapeshifter) (D:13)
  3 wyverns
  4 hogs (D:7)
  3 fire elementals (D:15)
  A human (D:7)
  2 hungry ghosts
  8 fire bats
  A steam dragon (Lair:6)
  A warg (Orc:1)
  16 vampire mosquitoes
  2 acid dragons
  15 insubstantial wisps
  42 nagas
  A soldier ant (shapeshifter) (D:13)
  13 swamp worms
  19 water moccasins
  6 porcupines
  19 swamp drakes
  4 floating eyes (D:15)
  Duvessa (D:6)
  8 hell hounds
  46 orc warriors
  3 sky beasts
  3 slaves (D:7)
  2 ice beasts
  26 ogres
  2 black bears
  8 boggarts
  A human skeleton (Vaults:1)
  6 wolves (Lair:3)
  21 centaurs
  13 crocodiles
  Blork the orc (D:4)
  4 big kobolds
  15 bullfrogs
  A glowing shapeshifter simulacrum (Vaults:2)
  Dowan (D:6)
  3 scorpions
  5 killer bees (D:7)
  10 wights
  4 howler monkeys
  An electric eel (Lair:5)
  10 lava snakes
  4 crimson imps
  A quasit (D:9)
  A yaktaur simulacrum (Vaults:1)
  Crazy Yiuf (D:3)
  10 orc priests
  6 hounds
  A gnoll shaman (Orc:1)
  15 jellies
  5 centaur skeletons
  3 iguanas
  Natasha (thrice) (D:3)
  5 hell rats (Lair:4)
  6 worker ants
  17 orc wizards
  2 hound skeletons
  A mummy (D:6)
  Robin (D:3)
  A howler monkey zombie (D:9)
  A worker ant zombie (D:6)
  16 gnolls
  8 adders
  5 shadow imps
  8 white imps (IceCv)
  9 ufetubi (IceCv)
  An ooze (Lair:6)
  An adder skeleton (D:10)
  6 worms
  2 dart slugs
  4 leopard geckos
  97 orcs
  2 ball pythons
  10 bats
  3 giant cockroaches
  17 goblins
  9 hobgoblins
  10 jackals
  13 kobolds
  3 quokkas
  6 frilled lizards
  A jackal skeleton (D:5)
  2 kobold zombies (D:6)
  A leopard gecko skeleton (D:7)
  3 orc zombies
  12 rats
  8 briar patches (Swamp:4)
  7 fungi
  7 plants
1365 creatures vanquished.

Vanquished Creatures (collateral kills)
  The ghost of Jiecvoet the Hoplite, a veteran GrFi of Okawaru (Vaults:1)
  Rupert (Lair:6)
  A deep elf blademaster (Vaults:1)
  2 orc warlords (Vaults:1)
  A stone giant (Vaults:1)
  A centaur warrior (Vaults:1)
  A naga sharpshooter (Snake:2)
  A deep elf knight (Vaults:1)
  A salamander mystic (Volcano)
  A naga ritualist (Snake:2)
  An orc knight (Vaults:1)
  3 salamanders (Volcano)
  2 molten gargoyles (Volcano)
  2 naga magi (Snake:2)
  2 ogres (Vaults:1)
21 creatures vanquished.

Vanquished Creatures (others)
  An alligator (Swamp:3)
  A naga sharpshooter (Snake:1)
  A sky beast (D:11)
  2 orcs (Orc:2)
  10 fungi
  16 plants
31 creatures vanquished.

Grand Total: 1417 creatures vanquished

Notes
Turn   | Place    | Note
-------+----------+-------------------------------------------
     0 | D:1      | Morrissey the Minotaur Berserker began the quest for the
                  | Orb.
     0 | D:1      | Reached XP level 1. HP: 19/19 MP: 0/0
    92 | D:1      | Reached XP level 2. HP: 14/27 MP: 1/1
   202 | D:1      | Reached skill level 4 in Axes
   819 | D:2      | Reached XP level 3. HP: 23/33 MP: 2/2
   917 | D:2      | Reached ** piety under Trog
  1310 | D:2      | Reached XP level 4. HP: 36/40 MP: 3/3
  1353 | D:2      | Found an iron altar of Okawaru.
  1765 | D:3      | Reached skill level 5 in Axes
  1790 | D:3      | Reached XP level 5. HP: 45/47 MP: 4/4
  1812 | D:3      | Noticed Robin
  1819 | D:3      | Killed Robin
  1822 | D:3      | Reached *** piety under Trog
  1905 | D:3      | Noticed Natasha
  1909 | D:3      | Killed Natasha
  1912 | D:3      | Noticed Natasha
  1922 | D:3      | Killed Natasha
  1964 | D:3      | Noticed Natasha
  1979 | D:3      | Killed Natasha
  2072 | D:3      | Reached XP level 6. HP: 52/55 MP: 5/5
  2096 | D:3      | Found a burning altar of Makhleb.
  2096 | D:3      | Noticed a blizzard demon
  2144 | D:3      | Found a shimmering altar of Xom.
  2429 | D:3      | Found a runed door.
  2433 | D:3      | Noticed Crazy Yiuf
  2437 | D:3      | Killed Crazy Yiuf
  2437 | D:3      | Reached skill level 6 in Axes
  2511 | D:4      | Reached skill level 5 in Fighting
  2511 | D:4      | Noticed Blork the orc
  2519 | D:4      | Killed Blork the orc
  2572 | D:4      | Noticed Eustachio
  2580 | D:4      | Killed Eustachio
  2580 | D:4      | Reached skill level 7 in Axes
  2580 | D:4      | Reached XP level 7. HP: 61/61 MP: 6/6
  2585 | D:4      | Reached **** piety under Trog
  2778 | D:4      | Reached skill level 5 in Armour
  3029 | D:4      | Noticed Grinder
  3035 | D:4      | Paralysed by Grinder for 4 turns
  3043 | D:4      | Killed Grinder
  3043 | D:4      | Reached skill level 5 in Dodging
  3224 | D:4      | Reached XP level 8. HP: 70/70 MP: 7/7
  3322 | D:5      | Entered Level 5 of the Dungeon
  3469 | D:5      | Found a snail-covered altar of Cheibriados.
  3485 | D:5      | Reached skill level 8 in Axes
  3658 | D:5      | Found a runed door.
  3700 | D:5      | Found a shadowy altar of Dithmenos.
  4217 | D:5      | Found a roughly hewn altar of Beogh.
  4276 | D:6      | Found a staircase to the Ecumenical Temple.
  4377 | D:6      | Reached skill level 9 in Axes
  4438 | D:6      | Reached ***** piety under Trog
  4560 | D:6      | Noticed Dowan
  4562 | D:6      | Noticed Duvessa
  4575 | D:6      | Killed Duvessa
  4579 | D:6      | Killed Dowan
  4598 | D:6      | Found a sacrificial altar of Ru.
  4601 | D:6      | Found a sparkling altar of Nemelex Xobeh.
  4601 | D:6      | Found a basalt altar of Yredelemnul.
  4604 | D:6      | Found a bloodstained altar of Trog.
  4604 | D:6      | Found an ornate altar of the Wu Jian Council.
  4605 | D:6      | Found a hide-covered altar of Uskayaw.
  5100 | D:7      | Found a stormy altar of Qazlal.
  5250 | D:7      | Noticed Pikel
  5257 | D:7      | Reached XP level 9. HP: 79/79 MP: 8/8
  5272 | D:7      | Killed Pikel
  5272 | D:7      | Reached skill level 10 in Axes
  5518 | D:7      | Noticed Prince Ribbit
  5533 | D:7      | Killed Prince Ribbit
  5559 | D:7      | Found an opulent altar of Gozag.
  5630 | D:7      | Reached skill level 11 in Axes
  5780 | D:8      | Noticed a two-headed ogre
  5786 | D:8      | Killed a two-headed ogre
  5786 | D:8      | Reached XP level 10. HP: 73/90 MP: 9/9
  5991 | D:8      | Noticed Psyche
  6000 | D:8      | Killed Psyche
  6120 | D:9      | Noticed a two-headed ogre
  6130 | D:9      | Killed a two-headed ogre
  6130 | D:9      | Reached skill level 12 in Axes
  6204 | D:9      | Received a gift from Trog
  6658 | D:9      | Found a staircase to the Lair.
  6887 | D:10     | Entered Level 10 of the Dungeon
  7055 | D:10     | Found a staircase to the Orcish Mines.
  7059 | D:10     | Reached XP level 11. HP: 96/99 MP: 10/10
  7060 | D:10     | Reached skill level 13 in Axes
  7365 | D:10     | Found a sacrificial altar of Ru.
  7650 | D:11     | Reached skill level 10 in Fighting
  7655 | D:11     | Noticed a red ugly thing
  7663 | D:11     | Killed a red ugly thing
  7838 | D:11     | Noticed a purple ugly thing
  7846 | D:11     | Killed a purple ugly thing
  8057 | D:11     | Reached skill level 10 in Armour
  8084 | D:11     | Reached ****** piety under Trog
  8095 | D:11     | Received a gift from Trog
  8284 | D:11     | You fall through a shaft for 3 floors!
  8290 | D:14     | Reached skill level 14 in Axes
  8372 | D:14     | Noticed a red ugly thing
  8372 | D:14     | Noticed a red ugly thing
  8373 | D:14     | Noticed a red ugly thing
  8374 | D:14     | Noticed a red ugly thing
  8378 | D:14     | Killed a purple ugly thing
  8382 | D:14     | Killed a red ugly thing
  8385 | D:14     | Killed a red ugly thing
  8394 | D:14     | Killed a red ugly thing
  8448 | D:14     | Reached skill level 10 in Dodging
  8448 | D:14     | Reached XP level 12. HP: 42/110 MP: 11/11
  9028 | D:14     | Reached skill level 15 in Axes
  9554 | Lair:1   | Entered Level 1 of the Lair of Beasts
  9632 | Lair:1   | Reached skill level 16 in Axes
  9638 | Lair:1   | Found a dark tunnel.
  9652 | Volcano  | Entered a volcano
  9688 | Volcano  | HP: 2/112 [fire bat (5)]
 10044 | Volcano  | Found a burning altar of Makhleb.
 10061 | Volcano  | Noticed a red draconian
 10069 | Volcano  | Killed a red draconian
 10535 | Lair:1   | Noticed a five-headed hydra
 10546 | Lair:1   | Killed a three-headed hydra
 11556 | Lair:2   | Received a gift from Trog
 11556 | Lair:2   | Reached skill level 17 in Axes
 11556 | Lair:2   | Reached XP level 13. HP: 112/119 MP: 12/12
 11590 | Lair:2   | Noticed Fannar
 11610 | Lair:2   | Killed Fannar
 12725 | Lair:3   | Noticed Sonja
 12730 | Lair:3   | Killed Sonja
 13201 | Lair:4   | Found a staircase to the Swamp.
 13403 | Lair:4   | Found a staircase to the Snake Pit.
 13563 | Lair:4   | Reached skill level 18 in Axes
 14839 | Lair:6   | Entered Level 6 of the Lair of Beasts
 14839 | Lair:6   | Noticed Rupert
 14880 | Lair:6   | Received a gift from Trog
 15019 | Lair:6   | Reached skill level 19 in Axes
 15385 | Lair:6   | Reached XP level 14. HP: 133/133 MP: 13/13
 15404 | Lair:6   | Found a staircase to the Slime Pits.
 15511 | Lair:6   | Got a glittering ivory ring
 15517 | Lair:6   | Identified the ring of Issioj {MP+9 Str+4 Int+2} (You found
                  | it on level 6 of the Lair of Beasts)
 15561 | Lair:6   | Killed Rupert
 15897 | Lair:6   | Found a hazy altar of Hepliaklqana.
 16385 | Lair:6   | Reached skill level 15 in Fighting
 16389 | Lair:6   | Found a large runed door.
 16389 | Lair:6   | Found a large runed door.
 16714 | Lair:6   | Reached skill level 20 in Axes
 17806 | D:12     | Found a blossoming altar of Fedhas.
 17991 | D:13     | Got a bloodstained leather armour
 18104 | D:13     | Received a gift from Trog
 18462 | D:13     | Found a gate to the Vaults.
 19011 | D:15     | Entered Level 15 of the Dungeon
 19273 | D:15     | Identified a scroll of acquirement
 19533 | D:15     | Noticed a frost giant
 19543 | D:15     | Killed a frost giant
 20167 | D:15     | Got a faintly glowing morningstar
 20309 | D:15     | Paralysed by a floating eye for 4 turns
 20324 | D:15     | Reached XP level 15. HP: 127/141 MP: 14/14
 20330 | D:15     | Found a staircase to the Depths.
 20356 | D:15     | Noticed Azrael
 20375 | D:15     | Killed Azrael
 20464 | D:15     | Paralysed by a floating eye for 2 turns
 20503 | D:15     | Noticed a frost giant
 20513 | D:15     | Killed a frost giant
 20984 | D:15     | Got a glittering pewter ring
 20988 | D:15     | Identified the ring "Iqushrov" {rN+ MR+} (You found it on
                  | level 15 of the Dungeon)
 21002 | D:15     | Found Ytill's Distillery.
 21019 | D:15     | Bought a potion of brilliance for 44 gold pieces
 21308 | D:15     | Got a transparent brass ring
 21312 | D:15     | Identified the ring "Lumakemi" {rCorr Int+2} (You found it
                  | on level 15 of the Dungeon)
 21323 | D:15     | Found Geycunol's Weapon Emporium.
 21334 | D:15     | Received a gift from Trog
 21444 | D:15     | Got a smoking copper ring
 21450 | D:15     | Identified the ring "Papim" {rElec Str+3 SInv} (You found
                  | it on level 15 of the Dungeon)
 21467 | D:15     | Found Ijyal's Armour Boutique.
 21484 | D:15     | Bought a +2 cloak of poison resistance for 259 gold pieces
 21663 | Orc:1    | Entered Level 1 of the Orcish Mines
 21770 | Orc:2    | Entered Level 2 of the Orcish Mines
 21826 | Orc:2    | Found a staircase to the Elven Halls.
 22196 | Orc:2    | Found Gaan's Armour Emporium.
 22318 | Orc:2    | Found Edwiotru's Gadget Shoppe.
 22318 | Orc:2    | Found Quxyd's Armour Boutique.
 22343 | Orc:2    | Found Emoff's Gadget Shop.
 22345 | Orc:2    | Found Ehacadai's General Store.
 22353 | Orc:2    | Bought a scarf of repulsion for 168 gold pieces
 22397 | Orc:2    | Received a gift from Trog
 23003 | Orc:1    | Found a roughly hewn altar of Beogh.
 23222 | Orc:2    | Noticed an orc warlord
 23229 | Orc:2    | Killed an orc warlord
 23231 | Orc:2    | Received a gift from Trog
 23231 | Orc:2    | Reached skill level 15 in Armour
 23868 | Snake:1  | Entered Level 1 of the Snake Pit
 23900 | Snake:1  | Received a gift from Trog
 24407 | Snake:1  | Reached XP level 16. HP: 149/149 MP: 15/15
 24544 | Snake:1  | Found Loheyf's Distillery.
 24544 | Snake:1  | Found Ror Zuo's Magic Scroll Emporium.
 24619 | Snake:1  | Reached skill level 15 in Dodging
 24963 | Snake:1  | Identified a +0 pair of boots of running (You acquired it
                  | on level 1 of the Snake Pit)
 26903 | Snake:2  | Noticed Lyttorgh's ghost (adept GrFE)
 26909 | Snake:2  | Found a transporter.
 26916 | Snake:2  | Found a transporter.
 27317 | Snake:2  | Killed Lyttorgh's ghost
 28830 | Snake:4  | Entered Level 4 of the Snake Pit
 28831 | Snake:4  | Found Zuokh's Antique Weapon Boutique.
 29525 | Snake:4  | Reached XP level 17. HP: 127/156 MP: 16/16
 32212 | Snake:4  | Got a serpentine rune of Zot
 32422 | Swamp:1  | Entered Level 1 of the Swamp
 32462 | Swamp:1  | Found a frozen archway.
 32471 | IceCv    | Entered an ice cave
 33145 | IceCv    | Noticed an Ice Fiend
 33145 | IceCv    | Noticed an Ice Fiend
 33158 | IceCv    | Killed an Ice Fiend
 33158 | IceCv    | Killed an Ice Fiend
 33843 | Swamp:1  | Noticed Louise
 33854 | Swamp:1  | Killed Louise
 34405 | Swamp:2  | Received a gift from Trog
 34886 | Swamp:2  | Reached XP level 18. HP: 139/176 MP: 17/17
 35799 | Swamp:3  | Received a gift from Trog
 36496 | Swamp:4  | Entered Level 4 of the Swamp
 37377 | Swamp:4  | Got a decaying rune of Zot
 38303 | Vaults:1 | Entered Level 1 of the Vaults
 38596 | Vaults:1 | Received a gift from Trog
 38680 | Vaults:1 | Found the +4 arc blade {discharge, rElec}
 38699 | Vaults:1 | Found a runed gate.
 38700 | Vaults:1 | Found a runed gate.
 38700 | Vaults:1 | Found a runed gate.
 38700 | Vaults:1 | Noticed Jiecvoet's ghost (veteran GrFi)
 38748 | Vaults:1 | Reached skill level 21 in Axes
 39635 | Vaults:1 | Found an iron altar of Okawaru.
 39662 | Vaults:1 | Reached XP level 19. HP: 185/185 MP: 18/18
 39685 | Vaults:1 | Killed Jiecvoet's ghost
 39827 | Vaults:2 | Reached skill level 22 in Axes
 39987 | Vaults:2 | Received a gift from Trog
 40158 | Vaults:2 | Paralysed by a great orb of eyes for 2 turns
 40220 | Vaults:2 | Paralysed by an ogre mage for 7 turns
 40520 | Vaults:2 | Reached skill level 23 in Axes
 40522 | Vaults:2 | Received a gift from Trog
 40607 | Vaults:2 | Found Lisizau's Jewellery Emporium.
 41140 | Vaults:3 | Noticed a lich
 41151 | Vaults:3 | Paralysed by a lich for 3 turns
 41157 | Vaults:3 | Killed a lich
 41541 | Vaults:3 | Paralysed by a great orb of eyes for 3 turns
 41900 | Vaults:3 | Reached skill level 24 in Axes
 42014 | Vaults:3 | Received a gift from Trog
 42553 | Vaults:3 | Reached XP level 20. HP: 149/193 MP: 19/19
 43017 | Vaults:3 | Found a staircase to the Crypt.
 43033 | Vaults:3 | Reached skill level 25 in Axes
 43790 | Vaults:4 | HP: 8/193 [vault warden/uncursed halberd (18)]
 43791 | Vaults:4 | Mangled by a vault warden

Skill      XL: |  1  2  3  4  5  6  7  8  9 10 11 12 13 14 15 16 17 18 19 20 |
---------------+-------------------------------------------------------------+-----
Axes           | 4 5 7 9 11 12 14 17 19 20 21 24 25 | 25.2
Fighting       | 4 5 6 7 8 9 11 12 14 15 19 20 | 20.2
Armour         | 3 4 5 6 8 9 10 13 15 19 20 | 20.3
Dodging        | 3 4 5 6 7 8 10 12 14 15 | 15.4

Action                   |  1- 3 |  4- 6 |  7- 9 | 10-12 | 13-15 | 16-18 | 19-21 || total
-------------------------+-------+-------+-------+-------+-------+-------+-------++-------
Melee: Hand axe          |    95 |   103 |       |       |       |       |       ||   198
       Headbutt          |     7 |    30 |    37 |    81 |   250 |   329 |   131 ||   865
       War axe           |       |    42 |   183 |    38 |       |       |       ||   263
       Battleaxe         |       |       |       |   352 |  1032 |  1230 |   467 ||  3081
Invok: Berserk           |     2 |     5 |    11 |     8 |    18 |    14 |    12 ||    70
       Trog's Hand       |       |       |     2 |     1 |     3 |     5 |     1 ||    12
       Brothers in Arms  |       |       |       |     1 |     1 |     6 |     1 ||     9
Evoke: Wand              |       |       |       |       |     4 |     6 |       ||    10
  Use: Scroll            |       |       |    11 |    14 |    17 |    11 |       ||    53
       Potion            |       |       |       |     3 |     1 |     1 |       ||     5
 Stab: Paralysed         |       |       |       |       |     1 |       |       ||     1
       Confused          |       |       |       |       |       |     1 |       ||     1
       Distracted        |       |       |       |       |       |       |     2 ||     2
  Eat: Chunk             |     3 |     8 |    18 |    22 |    45 |    33 |    17 ||   146
       Ration            |       |       |     1 |     3 |     4 |     9 |     3 ||    20
Armor: Animal skin       |    25 |     2 |       |       |       |       |       ||    27
       Chain mail        |       |    54 |    60 |   136 |       |       |       ||   250
       Plate armour      |       |       |       |    18 |   457 |   532 |   151 ||  1158
Dodge: Dodged            |    72 |    58 |    91 |   306 |   540 |   726 |   223 ||  2016
       Deflected         |       |       |       |       |    18 |    53 |    30 ||   101
Block: Other             |       |       |       |       |    99 |   113 |    32 ||   244
       Reflection        |       |       |       |       |    11 |     8 |     7 ||    26
